 Dungeon Crawl Stone Soup version 0.21.0-3-g78d12a8 (webtiles) character file.

1019 Mgcat the Digger (level 8, -9/41 HPs)
             Began as a Gargoyle Earth Elementalist on Jan 17, 2018.
             Was an Initiate of Vehumet.
             Mangled by an orc warrior
             ... wielding a +0 hand axe
              (12 damage)
             ... on level 6 of the Dungeon.
             The game lasted 00:12:53 (6473 turns).

Mgcat the Digger (Gargoyle Earth Elementalist)      Turns: 6473, Time: 00:12:55

Health: -9/41      AC:  8    Str: 12    XL:     8   Next: 22%
Magic:  0/16       EV: 12    Int: 18    God:    Vehumet [......]
Gold:   187        SH:  0    Dex: 10    Spells: 8/17 levels left

rFire    . . .     SeeInvis .   z - +5 flail (curse)
rCold    . . .     Gourm    .   (no shield)
rNeg     + . .     Faith    .   c - +0 robe
rPois    ∞         Spirit   .   (no helmet)
rElec    +         Reflect  .   (no cloak)
rCorr    .         Harm     .   r - +0 pair of gloves (curse)
MR       .....                  (no boots)
Stlth    ++........             y - amulet of regeneration
HPRegen  0.53/turn              (no ring)
MPRegen  0.15/turn              (no ring)

@: no status effects
A: negative energy resistance 1, electricity resistance, unbreathing,
petrification resistance, rot immunity, AC +5
a: Renounce Religion


You were on level 6 of the Dungeon.
You worshipped Vehumet.
Vehumet was noncommittal.
You were near starving.

You visited 2 branches of the dungeon, and saw 7 of its levels.

You collected 187 gold pieces.

Inventory:

Hand Weapons
 q - a +3 dagger
 z - a cursed +5 flail (weapon)
Missiles
 b - 101 stones (quivered)
Armour
 c - a +0 robe (worn)
 r - a cursed +0 pair of gloves (worn)
Jewellery
 y - an amulet of regeneration (around neck)
Scrolls
 f - 3 scrolls of amnesia
 g - a scroll of blinking {unknown}
 h - a scroll of fog {unknown}
 i - 7 scrolls of identify {unknown}
 k - 3 scrolls of teleportation {unknown}
 l - 5 scrolls of remove curse
 p - 2 scrolls of noise {unknown}
 A - a scroll of enchant armour {unknown}
Potions
 a - a potion of curing {unknown}
 j - a potion of heal wounds {unknown}
 n - a potion of magic {unknown}
 o - 3 potions of flight {unknown}
 s - a potion of ambrosia {unknown}
 t - a potion of lignification {unknown}
 u - 2 potions of agility {unknown}
 v - a potion of mutation {unknown}
 w - a potion of brilliance {unknown}
 x - a potion of invisibility {unknown}
Books
 e - a book of Geomancy

   Spells                             Type                      Level
   a - Sandblast                      Earth                        1
   b - Passwall                       Transmutation/Earth          2
   c - Stone Arrow                    Conjuration/Earth            3
   d - Petrify                        Transmutation/Earth          4
   e - Lee's Rapid Deconstruction     Earth                        5
 m - a book of Misfortune

   Spells                             Type                      Level
   a - Confusing Touch                Hexes                        1
   b - Confuse                        Hexes                        3
   c - Gell's Gravitas                Translocation                3
   d - Petrify                        Transmutation/Earth          4
   e - Metabolic Englaciation         Hexes/Ice                    5
   f - Yara's Violent Unravelling     Hexes/Transmutation          5
Comestibles
 d - 11 rations


   Skills:
 - Level 1.7 Dodging
 - Level 2.4 Stealth
 + Level 5.4 Spellcasting
 + Level 5.0 Conjurations
   Level 0.7 Transmutations
 + Level 7.5 Earth Magic


You had 8 spell levels left.
You knew the following spells:

 Your Spells              Type           Power        Failure   Level  Hunger
a - Sandblast             Erth           ####..       1%          1    None
b - Stone Arrow           Conj/Erth      ####..       2%          3    ##.....
c - Lee's Rapid Deconstr  Erth           ####......   16%         5    ######.


Dungeon Overview and Level Annotations

Branches:
Dungeon (6/15)             Temple (1/1) D:4

Altars:
Ashenzari
Cheibriados
Dithmenos
Elyvilon
Gozag
Kikubaaqudgha
Nemelex Xobeh
Okawaru
Qazlal
Ru
Sif Muna
Trog
Uskayaw
Vehumet
Wu Jian
Xom
Yredelemnul
Zin
The Shining One


Innate Abilities, Weirdness & Mutations

You are resistant to torment.
Your stone body is resilient. (AC +5)
You are immune to poison.
You resist negative energy. (rN+)
You are resistant to electric shocks. (rElec)
You can survive without breathing.
You are immune to petrification.
You are immune to rotting.


Message History

Casting: Stone Arrow
Confirm with . or Enter, or press ? or * to list all spells.
Aiming: Stone Arrow
Press: ? - help, Shift-Dir - straight line, f/p - orc warrior
Aim: an orc warrior, wielding a hand axe and wearing a chain mail (almost dead)
The stone arrow misses the orc warrior.
The orc warrior hits you with a hand axe!
* * * LOW HITPOINT WARNING * * *
Casting: Stone Arrow
Confirm with . or Enter, or press ? or * to list all spells.
Aiming: Sandblast
Press: ? - help, Shift-Dir - straight line, f/p - orc warrior
Aim: an orc warrior, wielding a hand axe and wearing a chain mail (almost dead)
The blast of sand hits the orc warrior.
The orc warrior is almost dead.
b - 101 stones The orc hits you with a club.
* * * LOW HITPOINT WARNING * * *
The orc warrior hits you with a hand axe!
You die...

#........##..................
#.<......#####.#.###.........
#........#...#.#.#...........
#............#...............
#............###.............
#########..?.................
..............#..........
#.....o......###...###..
+.....#@.............. .
#.....)o...............
.......#.................
.......#......#####.###.(
.....#.#......+ .# ##
...<.#........# ....
####.....# ... ..)... ...
....##


You could see an orc warrior and an orc.

Vanquished Creatures
  An orc warrior (D:3)
  2 ogres (D:4)
  A bullfrog (D:6)
  A scorpion (D:4)
  4 wights (D:5)
  A howler monkey (D:5)
  2 crimson imps
  A hound (D:4)
  5 orc wizards
  A bullfrog skeleton (D:4)
  2 worker ants
  6 adders
  A shadow imp (D:5)
  An ooze (D:1)
  A worm (D:4)
  A dart slug (D:2)
  3 leopard geckos
  10 orcs
  3 ball pythons
  4 giant cockroaches
  6 hobgoblins
  4 jackals (D:4)
  6 kobolds
  5 bats
  2 frilled lizards
  11 goblins
  9 rats
94 creatures vanquished.

Notes
Turn   | Place    | Note
-------+----------+-------------------------------------------
     0 | D:1      | Mgcat the Gargoyle Earth Elementalist began the quest for the Orb.
     0 | D:1      | Reached XP level 1. HP: 10/10 MP: 3/3
   169 | D:1      | Reached XP level 2. HP: 7/15 MP: 5/5
   723 | D:1      | Reached skill level 4 in Earth Magic
  1373 | D:2      | Reached XP level 3. HP: 9/19 MP: 6/6
  1718 | D:2      | Reached XP level 4. HP: 14/24 MP: 5/8
  1723 | D:2      | Learned a level 3 spell: Stone Arrow
  2639 | D:3      | Reached skill level 1 in Conjurations
  2639 | D:3      | Reached skill level 5 in Earth Magic
  2778 | D:3      | Reached XP level 5. HP: 24/28 MP: 9/9
  2820 | D:3      | Found an ornate altar of the Wu Jian Council.
  3607 | D:3      | Found a deep blue altar of Sif Muna.
  3776 | D:4      | Noticed an orc warrior
  4045 | D:3      | Killed an orc warrior
  4045 | D:3      | Reached XP level 6. HP: 10/32 MP: 2/12
  4270 | D:4      | Reached skill level 6 in Earth Magic
  4428 | D:4      | Learned a level 5 spell: Lee's Rapid Deconstruction
  4607 | D:4      | Reached XP level 7. HP: 24/36 MP: 13/13
  4846 | D:4      | Found an iron altar of Okawaru.
  5139 | D:4      | Found a staircase to the Ecumenical Temple.
  5150 | Temple   | Entered the Ecumenical Temple
  5217 | Temple   | Became a worshipper of Vehumet
  5545 | D:5      | Entered Level 5 of the Dungeon
  5605 | D:5      | Found a shadowy altar of Dithmenos.
  5827 | D:5      | Reached skill level 7 in Earth Magic
  5929 | D:5      | Reached skill level 5 in Spellcasting
  5930 | D:5      | Reached XP level 8. HP: 41/41 MP: 2/15
  6406 | D:6      | Reached skill level 5 in Conjurations
  6473 | D:6      | Mangled by an orc warrior

Skill      XL: |  1  2  3  4  5  6  7  8 |
---------------+-------------------------+-----
Earth Magic    | 4 5 6 7 |  7.5
Spellcasting   | 3 4 5 |  5.4
Conjurations   | 1 2 3 4 5 |  5.0
Dodging        | |  1.7
Stealth        | |  2.4
Transmutations | |  0.7

Action                   |  1- 3 |  4- 6 |  7- 9 || total
-------------------------+-------+-------+-------++-------
Melee: Dagger            |   124 |   264 |    20 ||   408
       Unarmed           |     3 |       |       ||     3
       Flail             |       |       |    38 ||    38
 Cast: Sandblast         |     3 |    41 |     2 ||    46
       Stone Arrow       |       |       |    23 ||    23
  Use: Scroll            |       |     2 |       ||     2
 Stab: Sleeping          |     2 |     3 |     1 ||     6
       Distracted        |       |     1 |       ||     1
  Eat: Chunk             |     3 |     8 |     3 ||    14
       Ration            |       |       |     1 ||     1
Armor: Robe              |    40 |   100 |    21 ||   161
Dodge: Dodged            |    72 |   217 |    51 ||   340
